HSSL
BISHOP AMAT HS @ HUNTSVILLE HS WASPS
05/18/2026
 
TOP OF THE 1ST
Bishop Amat HS batting - Pitching for Huntsville HS Wasps : RHP Doug Acevedo
Pitching: RHP Doug Acevedo
Batting: RHB Steve Bañuelos 0-0: Ball
1-0: SINGLE (Line Drive, 34)
Batting: RHB Alan Williams 0-0: Ball
Steve Bañuelos steals 2nd base
1-0: Fly out, F9 (Flyball, 9LMF)
Batting: LHB B.J. Ware 0-0: Called Strike
0-1: Ball
1-1: Foul Ball, location: 2F
1-2: Strikes out swinging
Batting: RHB Ralph Petit 0-0: SINGLE (Flyball, 8RS)
Steve Bañuelos to third
Runner from 3rd tries for Home, SAFE, no throw or cutoff
Batting: RHB Jim Norris 0-0: Called Strike
0-1: Ground out 5-3 (Groundball, 56S)
Top of the 1st over - 1 run(s), 2 hit(s), 0 error(s), 1 left on base; Bishop Amat HS 1 - Huntsville HS 0
BOTTOM OF THE 1ST
Huntsville HS Wasps batting - Pitching for Bishop Amat HS : RHP William Roy
Pitching: RHP William Roy
Batting: RHB Esteban Garza 0-0: Called Strike
0-1: Foul Ball, location: 2F
0-2: Foul Ball, location: 2F
0-2: Strikes out swinging
Batting: LHB Warren Walden 0-0: Ball
1-0: Called Strike
1-1: Ball
2-1: Ground out 5-3 (Groundball, 56)
Batting: RHB Christian Porter 0-0: Called Strike
0-1: Fly out, F3 (Popup, 23)
Bottom of the 1st over - 0 run(s), 0 hit(s), 0 error(s), 0 left on base; Bishop Amat HS 1 - Huntsville HS 0
TOP OF THE 2ND
Bishop Amat HS batting - Pitching for Huntsville HS Wasps : RHP Doug Acevedo
Batting: RHB Ken Pérez 0-0: Called Strike
0-1: Foul Ball, location: 2F
0-2: Ball
1-2: Foul Ball, location: 2F
1-2: Foul Ball, location: 2F
1-2: DOUBLE (Line Drive, 78XD)
Batting: RHB Blake Davis 0-0: Swinging Strike
0-1: Foul Ball, location: 2F
0-2: Ball
1-2: Ball
2-2: Strikes out swinging
Batting: RHB Ben Martin 0-0: Ball
1-0: Foul Ball, location: 2F
1-1: SINGLE (Line Drive, 89S)
Ken Pérez to third
Batting: RHB Andrew Miller 0-0: Ball
1-0: Called Strike
1-1: Called Strike
1-2: Strikes out looking
Batting: RHB Steve Bañuelos 0-0: Called Strike
0-1: Swinging Strike
0-2: Strikes out swinging
Top of the 2nd over - 0 run(s), 2 hit(s), 0 error(s), 2 left on base; Bishop Amat HS 1 - Huntsville HS 0
BOTTOM OF THE 2ND
Huntsville HS Wasps batting - Pitching for Bishop Amat HS : RHP William Roy
Batting: RHB Foster Hapgood 0-0: Called Strike
0-1: Ball
1-1: Foul Ball, location: 2F
1-2: Strikes out swinging
Batting: RHB Jesse Pérez 0-0: Ball
1-0: Swinging Strike
1-1: Ball
2-1: Ball
3-1: Base on Balls
Batting: LHB Eddie Nealon 0-0: Called Strike
0-1: Ball
1-1: Swinging Strike
1-2: Foul Ball, location: 2F
1-2: Foul Ball, location: 2F
1-2: SINGLE (Line Drive, 34D)
Jesse Pérez to second
Runner from 2nd tries for 3rd, OUT!
Eddie Nealon to second
Batting: RHB Roberto Peña 0-0: Ball
1-0: Ball
2-0: Called Strike
2-1: Foul Ball, location: 2F
2-2: Ball
3-2: Foul Ball, location: 2F
3-2: Foul Ball, location: 2F
3-2: Foul Ball, location: 2F
3-2: Base on Balls
Batting: RHB Charles Lewis 0-0: Fielders Choice at 2nd, U6 (Groundball, 6M)
Bottom of the 2nd over - 0 run(s), 1 hit(s), 0 error(s), 2 left on base; Bishop Amat HS 1 - Huntsville HS 0
TOP OF THE 3RD
Bishop Amat HS batting - Pitching for Huntsville HS Wasps : RHP Doug Acevedo
Batting: RHB Alan Williams 0-0: Swinging Strike
0-1: Foul Ball, location: 2F
0-2: Ball
1-2: Foul Ball, location: 2F
1-2: Strikes out swinging
Batting: LHB B.J. Ware 0-0: Called Strike
0-1: Foul Ball, location: 2F
0-2: Foul Ball, location: 2F
0-2: Strikes out looking
Batting: RHB Ralph Petit 0-0: Ball
1-0: Called Strike
1-1: DOUBLE (Line Drive, 7LS)
Batting: RHB Jim Norris 0-0: Swinging Strike
0-1: Called Strike
0-2: Ground out 6-3 (Groundball, 56)
Top of the 3rd over - 0 run(s), 1 hit(s), 0 error(s), 1 left on base; Bishop Amat HS 1 - Huntsville HS 0
BOTTOM OF THE 3RD
Huntsville HS Wasps batting - Pitching for Bishop Amat HS : RHP William Roy
Batting: RHB Mike Kennedy 0-0: Ball
1-0: Ball
2-0: Called Strike
2-1: Ball
3-1: Base on Balls
Batting: RHB Esteban Garza 0-0: Ball
1-0: Fly out, F9 (Flyball, 89M)
Batting: LHB Warren Walden 0-0: Ball
1-0: Ball
2-0: Called Strike
2-1: Fly out, F7 (Flyball, 7M)
Batting: RHB Christian Porter 0-0: Called Strike
0-1: Foul Ball, location: 2F
0-2: Foul Ball, location: 2F
0-2: Ball
1-2: 2-RUN HOME RUN (Flyball, 8RXD), Distance : 442 ft
Batting: RHB Foster Hapgood 0-0: Called Strike
0-1: Fly out, F8 (Flyball, 78D)
Bottom of the 3rd over - 2 run(s), 1 hit(s), 0 error(s), 0 left on base; Bishop Amat HS 1 - Huntsville HS 2
TOP OF THE 4TH
Bishop Amat HS batting - Pitching for Huntsville HS Wasps : RHP Doug Acevedo
Batting: RHB Ken Pérez 0-0: Foul Ball, location: 2F
0-1: Foul Ball, location: 2F
0-2: Strikes out looking
Batting: RHB Blake Davis 0-0: Swinging Strike
0-1: Foul Ball, location: 2F
0-2: Ball
1-2: Ball
2-2: Strikes out swinging
Batting: RHB Ben Martin 0-0: Called Strike
0-1: Foul Ball, location: 2F
0-2: Ball
1-2: Ball
2-2: Foul Ball, location: 2F
2-2: Ball
3-2: Strikes out swinging
Top of the 4th over - 0 run(s), 0 hit(s), 0 error(s), 0 left on base; Bishop Amat HS 1 - Huntsville HS 2
BOTTOM OF THE 4TH
Huntsville HS Wasps batting - Pitching for Bishop Amat HS : RHP William Roy
Batting: RHB Jesse Pérez 0-0: Ground out 5-3 (Groundball, 5S)
Batting: LHB Eddie Nealon 0-0: Ball
1-0: Ball
2-0: Foul Ball, location: 2F
2-1: Ball
3-1: Ground out 4-3 (Groundball, 34)
Batting: RHB Roberto Peña 0-0: Foul Ball, location: 2F
0-1: SINGLE (Line Drive, 6MD)
Batting: RHB Charles Lewis 0-0: Ball
1-0: Ball
2-0: SINGLE (Line Drive, 6MD)
Roberto Peña to second
Batting: RHB Mike Kennedy 0-0: Foul Ball, location: 2F
0-1: Fly out, F8 (Flyball, 8RM)
Bottom of the 4th over - 0 run(s), 2 hit(s), 0 error(s), 2 left on base; Bishop Amat HS 1 - Huntsville HS 2
TOP OF THE 5TH
Bishop Amat HS batting - Pitching for Huntsville HS Wasps : RHP Doug Acevedo
Batting: RHB Andrew Miller 0-0: Ball
1-0: Ball
2-0: Ground out 4-3 (Groundball, 4M)
Batting: RHB Steve Bañuelos 0-0: Ground out 4-3 (Groundball, 4)
Batting: RHB Alan Williams 0-0: Ball
1-0: DOUBLE (Flyball, 78M)
Batting: LHB B.J. Ware 0-0: Ground out 4-3 (Groundball, 4)
Top of the 5th over - 0 run(s), 1 hit(s), 0 error(s), 1 left on base; Bishop Amat HS 1 - Huntsville HS 2
BOTTOM OF THE 5TH
Huntsville HS Wasps batting - Pitching for Bishop Amat HS : RHP William Roy
Batting: RHB Esteban Garza 0-0: Called Strike
0-1: Swinging Strike
0-2: Ball
1-2: Ball
2-2: Ball
3-2: Strikes out swinging
Batting: LHB Warren Walden 0-0: Ball
1-0: Fly out, F5 (Popup, 25F)
Batting: RHB Christian Porter 0-0: Foul Ball, location: 2F
0-1: Swinging Strike
0-2: Strikes out swinging
Bottom of the 5th over - 0 run(s), 0 hit(s), 0 error(s), 0 left on base; Bishop Amat HS 1 - Huntsville HS 2
TOP OF THE 6TH
Bishop Amat HS batting - Pitching for Huntsville HS Wasps : RHP Doug Acevedo
Batting: RHB Ralph Petit 0-0: Reached on error, E6 (Groundball, 6)
Batting: RHB Jim Norris 0-0: Called Strike
0-1: Ball
1-1: Swinging Strike
1-2: Foul Ball, location: 2F
1-2: Strikes out swinging
Batting: RHB Ken Pérez 0-0: Called Strike
0-1: Ball
1-1: 2-RUN HOME RUN (Flyball, 78XD), Distance : 429 ft
Batting: RHB Blake Davis 0-0: Foul Ball, location: 2F
0-1: Ball
1-1: Ball
2-1: Foul Ball, location: 2F
2-2: Foul Ball, location: 2F
2-2: Ball
3-2: SINGLE (Flyball, 78S)
Pitching: RHP Nick Squire
Batting: RHB Ben Martin 0-0: Ball
Passed Ball!
Blake Davis to second
1-0: Ground out 4-3 (Groundball, 4)
Blake Davis to third
Batting: RHB Andrew Miller 0-0: Called Strike
0-1: Ball
1-1: Ground out 6-3 (Groundball, 6M)
Top of the 6th over - 2 run(s), 2 hit(s), 1 error(s), 1 left on base; Bishop Amat HS 3 - Huntsville HS 2
BOTTOM OF THE 6TH
Huntsville HS Wasps batting - Pitching for Bishop Amat HS : RHP William Roy
Batting: RHB Foster Hapgood 0-0: Ball
1-0: SINGLE (Line Drive, 56D)
Batting: RHB Jesse Pérez 0-0: Fly out, F3 (Popup, 3)
Pitching: RHP Carlos Morales
Batting: LHB Eddie Nealon 0-0: Ball
1-0: Ball
2-0: Ball
3-0: Base on Balls
Foster Hapgood to second
Batting: RHB Roberto Peña 0-0: Ball
1-0: Called Strike
1-1: Ball
2-1: SINGLE (Flyball, 89M)
Foster Hapgood to third
Eddie Nealon to second
Runner from 3rd tries for Home, SAFE, throw made at trailing runner, SAFE at third!
Batting: RHB Charles Lewis 0-0: Ball
1-0: Ball
2-0: 3-RUN HOME RUN (Flyball, 7D), Distance : 369 ft
Batting: RHB Mike Kennedy 0-0: Called Strike
0-1: Called Strike
0-2: Ground out 6-3 (Groundball, 6M)
Batting: RHB Esteban Garza 0-0: Called Strike
0-1: Ball
1-1: Ball
2-1: Ball
3-1: Swinging Strike
3-2: Strikes out looking
Bottom of the 6th over - 4 run(s), 3 hit(s), 0 error(s), 0 left on base; Bishop Amat HS 3 - Huntsville HS 6
TOP OF THE 7TH
Bishop Amat HS batting - Pitching for Huntsville HS Wasps : RHP Nick Squire
Batting: RHB Steve Bañuelos 0-0: SINGLE (Line Drive, 4)
Batting: RHB Alan Williams 0-0: Ball
1-0: Ball
2-0: Called Strike
2-1: Ball
3-1: Base on Balls
Steve Bañuelos to second
Pitching: LHP Doug Hicks
Batting: LHB B.J. Ware 0-0: SINGLE (Groundball, 4M)
Steve Bañuelos to third
Alan Williams to second
Runner from 3rd tries for Home, SAFE, no throw or cutoff
Pitching: RHP Tom Speck
Batting: RHB Ralph Petit 0-0: Swinging Strike
0-1: Foul Ball, location: 2F
0-2: Strikes out swinging
Batting: RHB Jim Norris 0-0: Ball
1-0: Foul Ball, location: 2F
1-1: Foul Ball, location: 2F
1-2: Hit by Pitch
Alan Williams to third
B.J. Ware to second
Batting: RHB Ken Pérez 0-0: Ball
1-0: GRAND SLAM HOME RUN (Line Drive, 78XD), Distance : 434 ft
Batting: RHB Blake Davis 0-0: SINGLE (Line Drive, 89S)
Batting: RHB Ben Martin 0-0: Called Strike
0-1: Ball
1-1: Ball
2-1: Foul Ball, location: 2F
2-2: Fielders Choice at 2nd, 5-4 (Groundball, 56)
Batting: RHB Andrew Miller 0-0: Called Strike
0-1: Ball
1-1: Foul Ball, location: 2F
1-2: Strikes out looking
Top of the 7th over - 5 run(s), 4 hit(s), 0 error(s), 1 left on base; Bishop Amat HS 8 - Huntsville HS 6
BOTTOM OF THE 7TH
Huntsville HS Wasps batting - Pitching for Bishop Amat HS : RHP Carlos Morales
Batting: LHB Warren Walden 0-0: Called Strike
0-1: Swinging Strike
0-2: Ball
1-2: Foul Ball, location: 2F
1-2: Strikes out looking
Batting: RHB Christian Porter 0-0: Foul Ball, location: 2F
0-1: SINGLE (Line Drive, 89M)
Batting: RHB Foster Hapgood 0-0: Ball
Christian Porter is caught stealing 2nd base
1-0: Called Strike
1-1: Fly out, F9 (Line Drive, 9S)
Bottom of the 7th over - 0 run(s), 1 hit(s), 0 error(s), 0 left on base; Bishop Amat HS 8 - Huntsville HS 6
TOP OF THE 8TH
Bishop Amat HS batting - Pitching for Huntsville HS Wasps : RHP Tom Speck
Batting: RHB Steve Bañuelos 0-0: Ball
1-0: Called Strike
1-1: Ball
2-1: Foul Ball, location: 2F
2-2: Ball
3-2: Base on Balls
Batting: RHB Alan Williams 0-0: Bunted foul
0-1: Bunted foul
0-2: SINGLE (Popup, 6D)
Steve Bañuelos to second
Batting: LHB B.J. Ware 0-0: Ball
1-0: Fly out, F5 (Popup, 5F)
Batting: RHB Ralph Petit 0-0: Ball
Steve Bañuelos is caught stealing 3rd base
Alan Williams to second
1-0: Called Strike
1-1: DOUBLE (Flyball, 9LM)
Alan Williams scores
Batting: RHB Jim Norris 0-0: Called Strike
0-1: Swinging Strike
0-2: Ball
1-2: Strikes out looking
Top of the 8th over - 1 run(s), 2 hit(s), 0 error(s), 1 left on base; Bishop Amat HS 9 - Huntsville HS 6
BOTTOM OF THE 8TH
Huntsville HS Wasps batting - Pitching for Bishop Amat HS : RHP Carlos Morales
Batting: RHB Jesse Pérez 0-0: Foul Ball, location: 2F
0-1: Swinging Strike
0-2: Strikes out swinging
Pitching: RHP Carlos Fernández
Batting: LHB Eddie Nealon 0-0: Called Strike
0-1: Swinging Strike
0-2: Foul Ball, location: 2F
0-2: Strikes out swinging
Batting: RHB Roberto Peña 0-0: Ball
1-0: Foul Ball, location: 2F
1-1: Ball
2-1: Ground out 6-3 (Groundball, 6M)
Bottom of the 8th over - 0 run(s), 0 hit(s), 0 error(s), 0 left on base; Bishop Amat HS 9 - Huntsville HS 6
TOP OF THE 9TH
Bishop Amat HS batting - Pitching for Huntsville HS Wasps : RHP Tom Speck
Pitching: LHP John Dyer
Batting: RHB Ken Pérez 0-0: Called Strike
0-1: Ball
1-1: Foul Ball, location: 2F
1-2: Foul Ball, location: 2F
1-2: Foul Ball, location: 2F
1-2: Ball
2-2: Ball
3-2: Strikes out swinging
Batting: RHB Blake Davis 0-0: Ground out 5-3 (Groundball, 56S)
Batting: RHB Ben Martin 0-0: Ball
1-0: Called Strike
1-1: SOLO HOME RUN (Flyball, 7D), Distance : 371 ft
Batting: RHB Andrew Miller 0-0: Called Strike
0-1: Foul Ball, location: 2F
0-2: Strikes out swinging
Top of the 9th over - 1 run(s), 1 hit(s), 0 error(s), 0 left on base; Bishop Amat HS 10 - Huntsville HS 6
BOTTOM OF THE 9TH
Huntsville HS Wasps batting - Pitching for Bishop Amat HS : RHP Carlos Fernández
Pitching: LHP Anthony Blackwell
Batting: RHB Charles Lewis 0-0: Swinging Strike
0-1: SINGLE (Line Drive, 89M)
Batting: RHB Mike Kennedy 0-0: Ball
1-0: Foul Ball, location: 2F
1-1: Foul Ball, location: 2F
1-2: Foul Ball, location: 2F
1-2: Foul Ball, location: 2F
1-2: Foul Ball, location: 2F
1-2: Strikes out swinging
Batting: RHB Esteban Garza 0-0: Ball
1-0: DOUBLE (Line Drive, 8RM)
Charles Lewis to third
Batting: LHB Warren Walden 0-0: Called Strike
0-1: Foul Ball, location: 2F
0-2: Ball
1-2: Ball
2-2: Ball
3-2: Strikes out swinging
Batting: RHB Christian Porter 0-0: Called Strike
0-1: Swinging Strike
0-2: Foul Ball, location: 2F
0-2: SINGLE (Groundball, 6M)
Charles Lewis scores
Esteban Garza to third
Runner from 3rd tries for Home, SAFE, no throw or cutoff
Batting: RHB Foster Hapgood 0-0: Called Strike
0-1: Called Strike
0-2: Strikes out swinging
Bottom of the 9th over - 2 run(s), 3 hit(s), 0 error(s), 1 left on base; Bishop Amat HS 10 - Huntsville HS 8
Monday, December 5th, 2016 - OOTP Baseball 17.12 Build 75